Map: 莱瑞拉克之冠

Players

shengy

  • Race: Zerg Zerg
  • League: Gold

Xeno - Winner!

  • Race: Terran Terran
  • League: Platinum

VOD

Have the link to the VOD?

Description

Time

  • Played on: Dec. 12, 2015, 2:02 a.m.
  • Length: 9:09
Show
View Real Time Build Order
Export as new Build Order

shengy Zerg 

Build Orders: Pool First, Zergling Baneling 

Get SALT Encoding   

  12  0:01  Drone  
  13  0:08  Drone  
  14  0:17  Overlord  
  14  0:36  Drone x3  
  17  0:49  Spawning Pool  
  16  0:51  Extractor  
  16  0:52  Drone  
  16  1:04  Drone  
  17  1:28  Hatchery  
  17  1:31  Drone  
  17  1:37  Drone x2  
  19  1:42  Drone  
  19  1:55  Metabolic Boost  
  19  1:58  Queen  
  21  2:05  Overlord  
  21  2:16  Drone  
  22  2:33  Overlord  
  22  2:35  Baneling Nest  
  22  2:36  Queen  
  23  2:55  Zergling x6  
  23  2:56  Zergling x4  
  28  3:06  Evolution Chamber  
  28  3:09  Zergling x6  
  28  3:10  Zergling x2  
  31  3:33  Zergling x10  
  36  3:40  Baneling x2  
  36  3:41  Baneling x6  
  35  3:45  Zergling x2  
  36  3:50  Zergling x2  
  28  4:22  Zergling x2  
  28  4:23  Zergling x14  
  28  4:24  Zergling x2  
  32  4:27  Baneling x2  
  32  4:37  Zergling x6  
  35  4:52  Baneling x5  
  35  4:58  Zergling x2  
  35  4:59  Zergling x4  
  35  5:22  Drone  
  35  5:23  Overlord  
  36  5:34  Extractor  
  35  5:40  Overlord  
  35  5:47  Hatchery  
  34  5:55  Spore Crawler  
  34  5:56  Drone x2  
  35  5:58  Drone  
  36  6:24  Spore Crawler  
  35  6:26  Overlord  
  27  6:51  Drone  
  27  6:52  Lair  
  27  6:53  Drone x4  
  27  6:54  Drone x4  
  36  7:11  Extractor x2  
  33  7:32  Overlord  
  33  7:33  Drone x4  
  33  7:34  Drone x3  
  40  7:40  Drone  
  40  7:41  Drone x3  
  44  7:48  Queen  
  46  8:01  Spire, Drone  
  46  8:03  Drone x2  
  48  8:13  Spore Crawler  
  48  8:14  Zergling x8  
  51  8:26  Drone x2  
  49  8:46  Overlord  
  49  9:04  Hatchery  
Show
View Real Time Build Order
Export as new Build Order

Xeno Terran - Winner!

Build Orders: Liberator Opening 

Get SALT Encoding   

  12  0:05  SCV  
  13  0:19  Supply Depot  
  13  0:21  SCV  
  14  0:34  SCV  
  15  0:44  Barracks  
  15  0:46  SCV  
  15  0:48  Refinery  
  16  1:00  SCV  
  17  1:12  SCV  
  18  1:24  Refinery  
  18  1:37  SCV  
  19  2:04  Factory  
  19  2:07  Supply Depot  
  19  2:09  Command Center  
  19  2:10  SCV, Marine  
  21  2:24  Orbital Command  
  21  2:33  Marine  
  22  2:48  Factory Tech Lab  
  22  2:52  Starport  
  22  2:54  SCV  
  23  3:01  Marine  
  24  3:06  SCV  
  24  3:11  Siege Tank  
  28  3:18  SCV  
  29  3:27  Orbital Command  
  29  3:29  Starport Reactor  
  29  3:55  Liberator x2  
  34  4:25  Siege Tank  
  37  4:34  Orbital Command  
  37  4:37  Marine  
  38  4:46  Bunker  
  38  4:56  Factory, Medivac  
  38  4:58  Engineering Bay  
  40  5:02  Medivac  
  38  5:24  Siege Tank  
  38  5:26  Marine  
  42  5:30  Bunker  
  42  5:44  Marine  
  43  5:54  Barracks  
  43  5:57  Missile Turret  
  43  5:59  Missile Turret  
  43  6:00  Missile Turret  
  43  6:02  Missile Turret, Marine  
  44  6:09  Missile Turret  
  44  6:19  Marine  
  45  6:38  Liberator  
  42  6:44  Liberator  
  42  6:46  Siege Tank  
  40  6:49  Marine x2  
  48  7:07  Marine  
  49  7:23  Orbital Command  
  49  7:28  Orbital Command  
  52  7:30  Siege Tank  
  52  7:44  Liberator  
  55  8:29  SCV  
  59  8:42  SCV  
  60  8:54  SCV  
Tags
 
Add a new tag
Caveats
  • Supply blocks, unpowered buildings, or Contaminate may cause inaccurate times.
  • Supply counts are checked every 10 seconds.